 Dungeon Crawl Stone Soup version 0.32-a0-791-gfc315c9ecd (webtiles) character file.

Game seed: 11383618258657748281

162 Griffin23 the Shield-Bearer (level 5, -3/47 HPs)
             Began as a Minotaur Fighter on Mar 20, 2024.
             Was an Initiate of Ashenzari.
             Frozen to death by an endoplasm (4 damage)
             ... on level 3 of the Dungeon.
             The game lasted 00:02:45 (1619 turns).

Griffin23 the Shield-Bearer (Minotaur Fighter)      Turns: 1619, Time: 00:02:46

Health: -3/47      AC:  7    Str: 22    XL:     5   Next: 19%
Magic:  4/4        EV:  8    Int:  5    God:    Ashenzari [......]
Gold:   69         SH:  4    Dex: 10    Spells: 4/4 levels left

rFire   . . .        a - +0 long sword "Circumscribed Together" {Cun, Comp} (curse)
rCold   . . .        c - +0 buckler
rNeg    . . .        b - +0 scale mail
rPois   .            (helmet restricted)
rElec   .            (no cloak)
rCorr   .            (no gloves)
SInv    .            (no boots)
Will    .....        (no amulet) Stlth
                     (no ring)
HPRegen 0.27/turn    (no ring)
MPRegen 0.09/turn

%: no passive effects
@: no status effects
A: horns 2, retaliatory headbutt
a: Renounce Religion, Shatter the Chains


You were on level 3 of the Dungeon.
You worshipped Ashenzari.
Ashenzari was noncommittal.
You visited 1 branch of the dungeon, and saw 3 of its levels.

You collected 69 gold pieces.

Inventory:

Hand Weapons
 a - the cursed +0 long sword "Circumscribed Together" (weapon) {Cun, Comp}

   It has a curse which improves the following skills: Cunning: Dodging and
   Stealth.
   Companions: Summonings and Necromancy.
Armour
 b - a +0 scale mail (worn)
 c - a +0 buckler (worn)
Jewellery
 q - a ring of wizardry
Scrolls
 e - 4 scrolls of identify {unknown}
 g - a scroll of poison {unknown}
 h - 2 scrolls of teleportation {unknown}
 n - a scroll of amnesia {unknown}
 o - a scroll of fear {unknown}
Potions
 d - a potion of might
 f - a potion of magic {unknown}
 i - a potion of lignification {unknown}
 j - a potion of heal wounds {unknown}
 k - a potion of haste {unknown}
 l - a potion of mutation {unknown}
 m - a potion of brilliance {unknown}
 p - a potion of curing {unknown}
 r - a potion of resistance {unknown}


   Skills:
 + Level 4.7 Fighting
 + Level 3.8 Long Blades
 + Level 4.7 Armour
 + Level 4.7 Shields


You had 4 spell levels left.
You didn't know any spells.
Your spell library contained the following spells:

 Spells                   Type           Power      Damage    Failure   Level
 Lesser Beckoning         Tloc           0%         N/A       94%         2
 Gell's Gravitas          Tloc           0%         N/A       99%         3
 Inner Flame              Hex/Fire       0%         N/A       99%         3
 Teleport Other           Tloc           0%         N/A       99%         3
 Animate Armour           Summ/Erth      0%         N/A       100%        4
 Flame Wave               Conj/Fire      0%         2d4       100%        4
 Sticky Flame             Fire/Alch      0%         2d4       100%        4
 Summon Lightning Spire   Summ/Air       0%         N/A       100%        4
 Lee's Rapid Deconstruct  Erth           0%         3d4*      100%        5


Dungeon Overview and Level Annotations

Branches:
Dungeon (3/15)

Altars:
Ashenzari


Innate Abilities, Weirdness & Mutations

You have a pair of horns on your head.
You reflexively headbutt those who attack you in melee.


Message History

The endoplasm hits the bush but does no damage.
The jackal bites you but does no damage.
You barely miss the jackal. Your headbutt misses the jackal.
The jackal bites you.
* * * LOW HITPOINT WARNING * * *
Something hits the bush.
The endoplasm hits the bush but does no damage.
You block the jackal's attack.
The endoplasm completely misses the bush.
Something hits the bush but does no damage.
You hit the jackal.
The jackal is almost dead.
The jackal bites you but does no damage.
The endoplasm hits the bush but does no damage.
You block the jackal's attack.
You closely miss the jackal.
The jackal is almost dead.
The jackal bites you but does no damage.
Something hits the bush.
The endoplasm hits the bush but does no damage.
You hit the jackal but do no damage. You headbutt the jackal.
You kill the jackal!
You hear some strange, mumbled words.
You are confused.
Something hits you but does no damage. Something hits you but does no damage.
Something hits you.
* * * LOW HITPOINT WARNING * * *
The endoplasm freezes you.
You are frozen.
* * * LOW HITPOINT WARNING * * *
You completely miss something. Something hits you but does no damage.
The endoplasm hits you but does no damage.
Something hits you.
* * * LOW HITPOINT WARNING * * *
You closely miss something. Your headbutt misses something.
You feel less confused. The endoplasm freezes you.
You are frozen.
You die...

#.#.......###..#######
#.#####.#.# #.........
######.#####.#.###..##.....
#.....<......#......##.....
#.####.##..#####...).......
#.##..# ###..........
#.##..# #............
#.##..##...........^..
#.##.@##.#.#.....###.#
#.####...J{........###.....
#.......).)##.#.#### #.##.#
#..PPPPPPP)##.#. #.##.#
...........# # .##.#
..P.PPP.P... .##.# #. P.
..P.##{. ## # P _..P.. ..
...P.#. .


You could see an endoplasm.

Vanquished Creatures
  An orc priest (D:3)
  A gnoll (D:1)
  6 adders
  2 dart slugs
  2 ribbon worms (D:2)
  2 orcs (D:3)
  A ball python (D:1)
  4 endoplasms
  3 giant cockroaches
  5 goblins
  5 hobgoblins
  9 jackals
  2 quokkas
  4 bats
  2 frilled lizards (D:1)
  4 kobolds
  6 rats
59 creatures vanquished.

Notes
Turn   | Place    | Note
-------+----------+-------------------------------------------
     0 | D:1      | Griffin23 the Minotaur Fighter began the quest for the Orb.
     0 | D:1      | Reached XP level 1. HP: 19/19 MP: 0/0
    39 | D:1      | Reached XP level 2. HP: 27/27 MP: 1/1
   256 | D:1      | Reached XP level 3. HP: 33/33 MP: 2/2
   860 | D:2      | Reached XP level 4. HP: 41/41 MP: 3/3
  1485 | D:3      | Found a faded altar of an unknown god.
  1498 | D:3      | Prayed at the altar of an unknown god.
  1498 | D:3      | Became a worshipper of Ashenzari the Shackled
  1599 | D:3      | Found a broken altar of Ashenzari.
  1607 | D:3      | Reached XP level 5. HP: 4/47 MP: 4/4
  1610 | D:3      | HP: 2/47 [jackal (3)]
  1618 | D:3      | HP: 1/47 [something (2)]
  1619 | D:3      | Frozen to death by an endoplasm

Illustrated notes

Levels and vault maps discovered:
D:1:      saegor_arrival_simple_c, layout_loops_cross
D:2:      layout_basic
D:3:      layout_loops_ring, mainiacjoe_overflow_cross_hatched,
          ebering_ecumenical_altar_petrified

Skill      XL: |  1  2 |
---------------+-------+-----
Shields        | 4 |  4.7
Fighting       | 4 |  4.7
Armour         | 4 |  4.7
Long Blades    | 3 |  3.8

Action                     |  1- 3 |  4- 6 || total
---------------------------+-------+-------++-------
  Melee: Long sword        |    66 |    71 ||   137
         Headbutt          |     6 |    12 ||    18
 Invoke: Curse Item        |       |     1 ||     1
 Armour: Scale mail        |    30 |    59 ||    89
  Dodge: Dodged            |    23 |    31 ||    54
  Block: Buckler           |    26 |    16 ||    42

Table legend: (Time is in decaauts)
 A = Elapsed time spent in this place.
 B = Non-inter-level travel time spent in this place.
 C = Inter-level travel time spent in this place.
 D = Time resting spent in this place.
 E = Time spent auto-exploring this place.
 F = Levels seen in this place.
 G = Mean time per level.
                   A        B        C        D        E       F      G
               +--------+--------+--------+--------+--------+-----+--------+
         Total |   1654 |   1639 |     15 |      0 |   1320 |   3 |  551.3 |
       Dungeon |   1654 |   1639 |     15 |      0 |   1320 |   3 |  551.3 |
               +--------+--------+--------+--------+--------+-----+--------+

Top non-repeatable levels by time:
     D:2: 630 daAuts
     D:1: 622 daAuts
     D:3: 401 daAuts
